 Dungeon Crawl Stone Soup version 0.18-a0-1570-gf60b0ab (webtiles) character file.

174188 M4edhros the Unseen (level 18, -5/104 HPs)
             Began as an Octopode Chaos Knight on Mar 14, 2016.
             Was an Initiate of Gozag.
             Killed from afar by a greater naga (33 damage)
             ... with an orb of energy
             ... on level 2 of the Snake Pit on Mar 15, 2016.
             The game lasted 02:00:15 (60640 turns).

M4edhros the Unseen (Octopode Chaos Knight)        Turns: 60640, Time: 02:00:16

Health: -5/104     AC:  5    Str: 18    XL:     18   Next: 6%
Magic:  0/27       EV: 29    Int: 22    God:    Gozag
Gold:   1897       SH:  0    Dex: 18    Spells: 8 memorised, 3 levels left

rFire  + . .     SeeInvis +     E - +9 quick blade (pierce)
rCold  + . .     Gourm    .     (no shield)
rNeg   . . .     Faith    .     u - +2 hat {SInv}
rPois  +         Spirit   +     i - amulet of guardian spirit
rElec  .         Dismiss  .     r - ring of protection from cold
rCorr  .         Reflect  .     h - +6 ring of evasion
SustAt .         Harm     .     M - ring of stealth
MR     +....     Rnd*Rage +     A - +4 ring of strength
Stlth  ++++++++++               Q - +3 ring of intelligence
                                w - +3 ring of strength
                                O - ring "Laydipsise" {rPois rF+ Int+3}
                                (no ring)

@: gold aura, constricted, somewhat resistant to hostile enchantments, uncannily
stealthy
A: almost no armour, amphibious, 8 rings, constrict 8, fangs 2, thin metallic
scales 1, camouflage 1, berserk 1, frail 1, sense surroundings 1, regeneration
1, wild magic 1, gelatinous body 1
a: Potion Petition, Call Merchant, Bribe Branch, Renounce Religion


You were on level 2 of the Snake Pit.
You worshipped Gozag.
Gozag was noncommittal.
You were not hungry.

You visited 6 branches of the dungeon, and saw 31 of its levels.
You visited the Abyss 1 time.
You also visited: Labyrinth, Bailey and Ice Cave.

You collected 11605 gold pieces.
You spent 867 gold pieces at shops.
You paid 8841 gold pieces to Gozag.

Inventory:

Hand Weapons
 b - a +0 blowgun
 f - a +0 eveningstar of electrocution
 k - a +4 hunting sling of chaos
 E - a +9 quick blade of piercing (weapon)
Missiles
 y - 156 sling bullets
 L - 49 tomahawks of returning (quivered)
 P - 11 curare-tipped needles
 X - 716 stones
Armour
 u - a +2 hat of see invisible (worn)
 v - a +0 shield
Rods
 Z - a +4 rod of inaccuracy (13/13)
   (Xom gifted it to you in the Ecumenical Temple)
Jewellery
 h - a +6 ring of evasion (right tentacle)
 i - an amulet of guardian spirit (around mantle)
 r - a ring of protection from cold (left tentacle)
 w - a +3 ring of strength (on tentacle)
 A - a +4 ring of strength (on tentacle)
 M - a ring of stealth (on tentacle)
 O - the ring "Laydipsise" (on tentacle) {rPois rF+ Int+3}
   (You bought it in a shop in the Ecumenical Temple)

   [ring of poison resistance]

   It affects your intelligence (+3).
   It protects you from fire.
   It protects you from poison.
 Q - a +3 ring of intelligence (on tentacle)
 U - a +4 amulet of reflection
Wands
 a - a wand of teleportation (4/9)
 g - a wand of digging (8/24)
 o - a wand of teleportation (6/9)
 p - a wand of disintegration (12/24)
 q - a wand of lightning (10/15)
 H - a wand of iceblast (6/15)
 J - a wand of iceblast (4/15)
 K - a wand of paralysis (17/24)
 V - a wand of heal wounds (5/9)
Scrolls
 e - 8 scrolls of fog
 l - 9 scrolls of teleportation
 n - 2 scrolls of magic mapping
 s - 4 scrolls of fear
 D - 5 scrolls of blinking
 I - 3 scrolls of recharging
Potions
 c - 5 potions of curing
 d - a potion of ambrosia
 j - 2 potions of lignification
 x - 2 potions of agility
 C - 2 potions of magic
 F - 4 potions of might
 G - a potion of cancellation
 R - a potion of resistance
 Y - 3 potions of heal wounds
Miscellaneous
 m - a stone of tremors
 t - a lamp of fire (inert)
 N - 2 phantom mirrors
Comestibles
 z - 11 bread rations
 B - 32 fruits


   Skills:
 - Level 8.1 Fighting
 - Level 8.2 Short Blades
   Level 8.2 Polearms
 - Level 7.1 Slings
 - Level 16.7 Dodging
 - Level 19.2 Stealth
 * Level 5.5 Shields
 - Level 6.4 Spellcasting
 + Level 3.7 Conjurations
 - Level 7.5 Hexes
 + Level 9.2 Charms
 - Level 9.4 Evocations


You had 3 spell levels left.
You knew the following spells:

 Your Spells              Type           Power        Failure   Level  Hunger
a - Spectral Weapon       Hex/Chrm       ######..     3%          3    #......
b - Shroud of Golubria    Chrm/Tloc      #####.....   5%          2    None
c - Song of Slaying       Chrm           ######..     2%          2    None
d - Mephitic Cloud        Conj/Pois/Air  ###.....     30%         3    #......
e - Confuse               Hex            ######..     4%          3    #......
f - Gell's Gravitas       Hex/Tloc       #####.....   16%         3    #......
g - Haste                 Chrm           ######..     50%         6    ######.
h - Fulminant Prism       Conj/Hex       #####.....   22%         4    ###....


Dungeon Overview and Level Annotations

Branches:
Dungeon (15/15)            Temple (1/1) D:6            Lair (8/8) D:8
  Swamp (3/4) Lair:6        Snake (2/4) Lair:6        Slime (0/6) Lair:7
    Orc (2/2) D:9             Elf (0/3) Orc:2        Vaults (0/5) D:13
 Depths (0/5) D:15

Altars:
Ashenzari
Cheibriados
Dithmenos
Elyvilon
Fedhas
Gozag
Kikubaaqudgha
Makhleb
Nemelex Xobeh
Okawaru
Pakellas
Qazlal
Ru
Sif Muna
Trog
Vehumet
Xom
Yredelemnul
Zin
The Shining One
Beogh
Jiyva

Shops:
D:10 %   D:11 [   D:13 }   D:14 [   D:15 *   Temple !=   Orc:1 }
Orc:2 (=%!**[   Lair:2 =   Lair:3 [   Lair:6 }   Snake:1 %

Portals:
Bailey: D:7

Annotations:
D:4 M4edhros's ghost, novice OpCK
D:12 exclusion: obsidian statue
Lair:7 1 runed door


Innate Abilities, Weirdness & Mutations

You cannot wear most types of armour.
You are amphibious.
You can wear up to eight rings at the same time.
You can use your tentacles to constrict eight enemies at once.
Your skin changes colour to match your surroundings (Stealth).
Your rubbery body absorbs attacks (AC +1).
You have extremely sharp teeth.
You are partially covered in thin metallic scales (AC +2).
You tend to lose your temper in combat.
You are frail (-10% HP).
You passively map a small area around you.
Your natural rate of healing is unusually fast.
Your spells are a little harder to cast, but a little more powerful.


Message History

You feel much better.
The greater naga blocks your fire elemental's attack.
Casting: Spectral Weapon
Confirm with . or Enter, or press ? or * to list all spells.
Space distorts slightly along a thin shroud covering your body.
Your fire elemental barely misses the greater naga.
The greater naga gestures wildly while chanting.
The greater naga seems to speed up.
The greater naga blocks your fire elemental's attack.
The greater naga hits you with a spear!!
* * * LOW HITPOINT WARNING * * *
Your shroud falls apart!
The greater naga grabs you.
* * * LOW HITPOINT WARNING * * *
The greater naga constricts you.
The greater naga blocks your fire elemental's attack.
The greater naga points at you and mumbles some strange words.
The orb of energy hits you!
You die...
Your body crumbles into a pile of gold.

.## ##...# ##.....##
### , ## #...#
#.....### ###.., #
#######
#.......##..... #..#<#
#....)......# ,.#
#.#### #..........## *
** .N #...#*
#..........# * ..
##...# ##....E.....#
*,* #. #...#
#.....N###.#.#* #.
#...##...(@.###.# .#
#.........$##..#####.N
**
*#......$$##........N.
#......#.'...8..>..8.
' .
##..(.#####........N.
#....# ##..#####.. * *
#......# ##.# * *,#
#......# #.#
#...##...# #..* ,


You could see a greater naga, a friendly fire elemental and a friendly spectral
quick blade of piercing.

Vanquished Creatures
  Rupert (Lair:3)
  An Ice Fiend (IceCv)
  2 thorn hunters
  Kirke (Lair:5)
  A tentacled starspawn (Abyss:2)
  Roxanne (Swamp:1)
  A draconian scorcher (Abyss:2)
  Donald (Swamp:2)
  A frost giant (D:15)
  Louise (Swamp:1)
  Maud (Orc:2)
  Aizul (Swamp:1)
  6 starcursed masses
  Nessos (Lair:7)
  Azrael (Orc:2)
  A lorocyproca (Abyss:2)
  An ettin (Orc:1)
  A minotaur (Lab)
  2 ogre magi (D:15)
  A fire dragon (Lair:8)
  Snorg (D:10)
  Fannar (Lair:3)
  6 naga warriors
  13 hydras
  2 anacondas (Snake:1)
  4 centaur warriors
  4 alligators (Swamp:1)
  A tengu warrior (D:15)
  The ghost of Uhlv the Blocker, a journeyman GrFi of the Shining One (D:14)
  4 orc high priests (Orc:2)
  4 naga sharpshooters
  A thrashing horror (Abyss:2)
  Urug (D:14)
  Sonja (Orc:2)
  A wretched star (Abyss:2)
  5 unseen horrors
  A salamander mystic (Snake:2)
  A swamp dragon (Swamp:3)
  A swamp dragon (shapeshifter) (D:14)
  6 hill giants
  2 lindwurms (Lair:8)
  A deep elf mage (D:15)
  A harpy (shapeshifter) (D:13)
  16 ugly things
  5 orc knights
  3 mana vipers
  A wolf spider (Lair:8)
  A hornet (Swamp:3)
  6 orc sorcerers (Orc:2)
  7 salamanders
  3 cyclopes
  A worldbinder (Abyss:2)
  A cyclops (shapeshifter) (D:13)
  A centaur zombie (D:14)
  4 ice statues (IceCv)
  2 naga magi
  2 guardian serpents
  An apocalypse crab (Abyss:2)
  18 black mambas
  5 elephants
  A guardian serpent (shapeshifter) (D:13)
  A smoke demon (Abyss:2)
  A gargoyle (D:10)
  7 torpor snails
  3 rime drakes (Lair:7)
  A freezing wraith (D:14)
  19 spiny frogs
  An anaconda simulacrum (IceCv)
  9 komodo dragons
  12 ice devils
  A yaktaur (D:15)
  2 efreet
  A hellwing (Abyss:2)
  An ancient zyme (Abyss:2)
  A golden dragon simulacrum (IceCv)
  A tengu conjurer (D:15)
  7 trolls
  11 giant leeches
  A polar bear (Lair:8)
  2 raiju (Abyss:2)
  7 bog bodies
  4 two-headed ogres (D:15)
  18 blink frogs
  20 slime creatures
  A centaur simulacrum (D:15)
  A flying skull (Abyss:2)
  A large abomination (Abyss:2)
  4 shadows
  A wraith (D:14)
  3 vampires
  4 spriggans
  4 wyverns
  Eustachio (D:6)
  2 dire elephant simulacra (IceCv)
  31 yaks
  A wyvern (shapeshifter) (Orc:1)
  A ynoxinul (Abyss:2)
  A steam dragon (D:14)
  4 basilisks
  2 fire elementals (Orc:2)
  2 hogs (Lair:5)
  7 hippogriffs
  3 hungry ghosts
  17 vampire mosquitoes
  A neqoxec (Abyss:2)
  An iron troll simulacrum (IceCv)
  A harpy simulacrum (IceCv)
  5 insubstantial wisps (Swamp:2)
  14 nagas
  A mottled dragon (Bailey)
  6 wargs
  6 swamp worms
  17 water moccasins
  4 hydra simulacra (IceCv)
  17 porcupines
  3 hell hounds (Orc:2)
  5 ice beasts
  35 orc warriors
  17 wasps
  3 sky beasts
  4 swamp drakes
  15 ogres
  2 black bears (D:13)
  A necrophage (D:7)
  16 centaurs
  A phantom (D:5)
  8 wolves
  16 crocodiles
  4 big kobolds
  3 small abominations (Abyss:2)
  2 wyvern zombies
  13 giant frogs
  2 wyvern skeletons
  5 scorpions
  16 killer bees
  4 wights (D:15)
  2 howler monkeys (D:8)
  5 electric eels (D:11)
  2 crimson imps
  A giant frog zombie (D:7)
  5 quasits
  3 hounds
  14 orc priests
  Crazy Yiuf (D:6)
  3 centaur skeletons
  An iron imp (D:4)
  7 jellies
  Jessica (D:2)
  2 giant frog skeletons
  21 orc wizards
  11 worker ants
  7 iguanas
  19 sheep
  3 hound skeletons
  A hound zombie (D:6)
  A worker ant zombie (D:5)
  A howler monkey zombie (D:6)
  A howler monkey skeleton (D:10)
  9 gnolls
  18 adders
  55 river rats
  2 shadow imps
  A white imp (Abyss:2)
  3 oozes
  2 adder zombies
  An adder skeleton (D:6)
  23 worms
  A dart slug (D:1)
  6 giant geckos
  77 orcs
  4 giant cockroaches
  A giant cockroach (shapeshifter) (D:1)
  2 gnoll zombies (D:3)
  10 hobgoblins
  15 jackals
  6 quokkas
  2 ball pythons
  8 bats
  6 giant newts
  12 goblins
  40 kobolds
  A quokka zombie (D:6)
  8 rats
  3 briar patches (Swamp:1)
  2 plants
1068 creatures vanquished.

Vanquished Creatures (collateral kills)
  An orc warlord (Orc:2)
  The ghost of mrath the Magician, a novice DgCj (D:6)
  An ice beast (D:10)
  A giant newt (D:6)
4 creatures vanquished.

Vanquished Creatures (others)
  A large abomination (Abyss:2)
  A water moccasin (Lair:3)
  2 orc warriors (Orc:2)
  A crimson imp (D:15)
  An iguana (D:4)
  2 gnolls (D:3)
  A giant gecko (D:1)
  6 briar patches (Swamp:1)
  A bush (Lair:7)
  16 fungi
  8 plants
  A spectral weapon (Snake:2)
41 creatures vanquished.

Grand Total: 1113 creatures vanquished

Notes
Turn   | Place    | Note
--------------------------------------------------------------
     0 | D:1      | M4edhros the Octopode Chaos Knight began the quest for the Orb.
     0 | D:1      | Reached XP level 1. HP: 16/16 MP: 1/1
    58 | D:1      | Reached XP level 2. HP: 13/21 MP: 2/2
   244 | D:1      | Reached XP level 3. HP: 9/26 MP: 3/3
   952 | D:1      | XOM: harmless Fire miscast
   955 | D:2      | Noticed Jessica
   963 | D:2      | Killed Jessica
   963 | D:2      | Reached XP level 4. HP: 31/31 MP: 4/4
  1024 | D:2      | Reached skill level 5 in Polearms
  1043 | D:2      | XOM: harmless Hex miscast
  1046 | D:2      | Found a bloodstained altar of Trog.
  1621 | D:2      | XOM: give mutation
  1621 | D:2      | Gained mutation: Your spells are a little harder to cast, but a little more powerful. [Xom's grace]
  2025 | D:3      | Reached XP level 5. HP: 32/36 MP: 5/5
  2025 | D:3      | XOM: destruction
  2125 | D:3      | Found an ancient bone altar of Kikubaaqudgha.
  2212 | D:3      | Found a shimmering altar of Xom.
  2216 | D:3      | Found a shimmering altar of Xom.
  2229 | D:3      | Found a shimmering altar of Xom.
  2230 | D:3      | Found a shimmering altar of Xom.
  2230 | D:3      | Found a shimmering altar of Xom.
  2304 | D:3      | XOM: god gift: scroll labeled QEXZOLENIE
  2411 | D:3      | Found a basalt altar of Yredelemnul.
  2681 | D:3      | XOM: 2-stop teleportation journey
  3032 | D:4      | XOM: 1-stop teleportation journey
  3120 | D:4      | Noticed Grinder
  3124 | D:4      | XOM: cast spell 'Hydra Form'
  3127 | D:4      | Noticed Grinder
  3127 | D:4      | Grinder changed into Grinder the iron imp
  3127 | D:4      | XOM: polymorph Grinder -> Grinder the iron imp
  3135 | D:4      | Killed Grinder the iron imp
  3135 | D:4      | Reached XP level 6. HP: 42/42 MP: 6/6
  3247 | D:4      | Noticed M4edhros's ghost (novice OpCK)
  3276 | D:4      | XOM: summons 6 friendly demons
  3816 | D:4      | XOM: cast spell 'Necromutation'
  4039 | D:4      | Found a deep blue altar of Sif Muna.
  4130 | D:4      | XOM: enchant monster (good)
  4314 | D:5      | Entered Level 5 of the Dungeon
  4329 | D:4      | Reached XP level 7. HP: 40/46 MP: 7/7
  4631 | D:4      | XOM: give mutation
  4631 | D:4      | Gained mutation: Your mind is acute. (Int +2) [Xom's mischief]
  4636 | D:4      | XOM: give mutations
  4636 | D:4      | Gained mutation: You have an increased reservoir of magic (+10% MP). [Xom's grace]
  4636 | D:4      | Gained mutation: You have a pair of small antennae on your head. [Xom's grace]
  4984 | D:5      | XOM is BORED!
  4984 | D:5      | XOM: 6-stop teleportation journey
  5003 | D:5      | XOM: smoke on damage
  5299 | D:5      | XOM: god gift: glowing quick blade {god gift}
  5357 | D:5      | Found a glowing silver altar of Zin.
  5362 | D:5      | Found a snail-covered altar of Cheibriados.
  5589 | D:5      | Reached skill level 1 in Stealth
  5747 | D:5      | XOM: destruction
  5756 | D:5      | Reached skill level 2 in Stealth
  5765 | D:5      | XOM: mild Air miscast
  5767 | D:5      | Reached skill level 1 in Short Blades
  5767 | D:5      | Reached skill level 3 in Stealth
  5830 | D:5      | XOM: mild Conj miscast
  5909 | D:5      | XOM: mild Erth miscast
  6281 | D:6      | Found a sand-covered staircase.
  6282 | D:6      | Noticed Eustachio
  6291 | D:6      | Killed Eustachio
  6291 | D:6      | Reached skill level 4 in Stealth
  6291 | D:6      | Reached XP level 8. HP: 44/52 MP: 8/8
  6294 | D:6      | Reached skill level 5 in Stealth
  6631 | D:6      | XOM: 3-stop teleportation journey
  6833 | D:6      | XOM: god gift: bloodstained chain mail {god gift}
  6834 | D:6      | Got a bloodstained chain mail {god gift}
  6835 | D:6      | Identified the +4 chain mail of Misanthropy {rC+ MR++ Int-3} (Xom gifted it to you on level 6 of the Dungeon)
  6936 | D:6      | Found a staircase to the Ecumenical Temple.
  6954 | D:6      | XOM: harmless Hex miscast
  7042 | D:6      | Noticed Crazy Yiuf
  7047 | D:6      | Killed Crazy Yiuf
  7047 | D:6      | Reached skill level 6 in Stealth
  7258 | D:6      | XOM: harmless Chrm miscast
  7259 | D:6      | XOM: god gift: 51 gold pieces
  7267 | D:6      | XOM: give mutation
  7267 | D:6      | Gained mutation: You are partially covered in iridescent scales (AC +4). [Xom's grace]
  7280 | D:6      | Noticed mrath's ghost (novice DgCj)
  7330 | D:6      | XOM: god gift: 3 needles of frenzy
  7620 | D:6      | XOM: 2-stop teleportation journey
  7943 | D:6      | XOM: cast spell 'Monstrous Menagerie'
  8061 | D:6      | XOM: give mutations
  8061 | D:6      | Gained mutation: Your muscles are strong. (Str +2) [Xom's grace]
  8061 | D:6      | Gained mutation: Your system is resistant to poisons. [Xom's grace]
  8061 | D:6      | Gained mutation: You are partially covered in icy blue scales (AC +1). [Xom's grace]
  8061 | D:6      | Gained mutation: You have very sharp teeth. [Xom's grace]
  8330 | D:6      | XOM: 2-stop teleportation journey
  8386 | D:6      | XOM: smoke on damage
  8391 | D:6      | XOM: summons 8 friendly demons
  8399 | D:6      | Lost mutation: Your mind is acute. (Int +2) [potion of cure mutation]
  8399 | D:6      | Lost mutation: You have an increased reservoir of magic (+10% MP). [potion of cure mutation]
  8399 | D:6      | Lost mutation: Your muscles are strong. (Str +2) [potion of cure mutation]
  8399 | D:6      | Lost mutation: Your spells are a little harder to cast, but a little more powerful. [potion of cure mutation]
  8399 | D:6      | Killed mrath's ghost
  8399 | D:6      | Reached skill level 7 in Stealth
  8430 | Temple   | Entered the Ecumenical Temple
  8620 | Temple   | XOM: mild Chrm miscast
  9016 | Temple   | XOM: 5-stop teleportation journey
  9134 | D:7      | XOM: repel stairs
  9181 | D:7      | Reached skill level 8 in Stealth
  9181 | D:7      | Reached XP level 9. HP: 37/56 MP: 9/9
  9336 | D:7      | Found a flagged portal.
  9386 | D:7      | XOM: harmless Divn miscast
  9416 | Bailey   | Entered a bailey
  9484 | Bailey   | Noticed an orc knight
  9490 | Bailey   | Noticed an orc knight
  9698 | Bailey   | XOM: harmless Conj miscast
  9714 | Bailey   | Reached skill level 5 in Dodging
  9714 | Bailey   | Reached skill level 9 in Stealth
  9754 | Bailey   | XOM: confuse monster(s)
  9815 | Bailey   | Killed an orc knight
  9815 | Bailey   | Reached skill level 10 in Stealth
  9955 | Bailey   | XOM: polymorph orc warrior -> mottled dragon
 10217 | Bailey   | XOM: 1-stop teleportation journey
 10461 | Bailey   | Reached skill level 5 in Short Blades
 10477 | Bailey   | XOM: summons 6 friendly demons
 10486 | Bailey   | Killed an orc knight
 10486 | Bailey   | Reached skill level 11 in Stealth
 10563 | Bailey   | XOM: god gift: brass wand {god gift}
 10896 | Bailey   | XOM: mild Hex miscast
 10901 | Bailey   | Reached XP level 10. HP: 47/63 MP: 10/10
 10919 | Bailey   | HP: 3/63 [orc warrior/war axe (9)]
 11136 | Bailey   | XOM: harmless Pois miscast
 11554 | D:7      | XOM: harmless Pois miscast
 11618 | D:7      | XOM: cast spell 'Dragon Form'
 11713 | D:8      | Reached skill level 12 in Stealth
 11916 | D:8      | Found a staircase to the Lair.
 11916 | D:8      | Noticed an elephant
 11921 | D:8      | XOM: potion effect (haste)
 11930 | D:8      | XOM: divination: detect items
 11964 | D:8      | XOM: confuse monster(s)
 11988 | D:8      | XOM: cast spell 'Spider Form'
 12012 | D:8      | Killed an elephant
 12024 | D:8      | Lost mutation: You have a pair of small antennae on your head. [mutagenic meat]
 12026 | D:8      | Gained mutation: Potions and wands are less effective at restoring your health. [mutagenic meat]
 12027 | D:8      | Gained mutation: Your flesh is heat resistant. [mutagenic meat]
 12207 | D:8      | XOM: potion effect (berserk rage)
 12373 | D:8      | Found a sacrificial altar of Ru.
 12443 | D:8      | XOM: smoke on damage
 12445 | D:8      | XOM: potion effect (haste)
 12499 | D:8      | XOM: colour smoke trail
 12697 | D:8      | XOM: harmless Chrm miscast
 12969 | D:9      | Found a roughly hewn altar of Beogh.
 12975 | D:9      | XOM: noise
 12985 | D:9      | XOM: enchant monster (good)
 12997 | D:8      | Reached skill level 13 in Stealth
 13348 | D:8      | XOM: scenery: create altars
 13425 | D:8      | XOM: enchant monster (good)
 13606 | D:9      | XOM: polymorph killer bee -> jelly
 13612 | D:9      | XOM: mild Ice miscast
 13924 | D:9      | XOM: divination: detect creatures
 13930 | D:9      | XOM: mild Summ miscast
 14015 | D:9      | XOM: 5-stop teleportation journey
 14018 | D:9      | Found a staircase to the Orcish Mines.
 14024 | D:9      | XOM: summons 5 hostile demons
 14026 | D:9      | XOM: blink monster(s)
 14333 | D:8      | XOM: colour smoke trail
 14402 | D:9      | XOM: polymorph orc warrior -> warg
 14631 | D:9      | Reached skill level 14 in Stealth
 14643 | D:9      | Reached XP level 11. HP: 67/67 MP: 11/11
 14712 | D:9      | XOM: god gift: 4 meat rations
 14773 | D:10     | Entered Level 10 of the Dungeon
 14945 | D:9      | XOM: summons 5 hostile shadow creatures
 15064 | D:9      | XOM: confuse monster(s)
 15304 | D:10     | Noticed Snorg
 15312 | D:10     | XOM: summons friendly iron imp
 15369 | D:10     | XOM: swap monsters
 15375 | D:10     | XOM: potion effect (curing)
 15381 | D:9      | XOM: enchant monster (good)
 15812 | Temple   | XOM: vitrification
 16544 | Temple   | XOM: vitrification
 16693 | Temple   | XOM: god gift: runed hunting sling {god gift}
 16716 | Temple   | XOM: divination: detect creatures
 16916 | Temple   | XOM: 6-stop teleportation journey
 17125 | Temple   | XOM: give mutations
 17125 | Temple   | Gained mutation: You are partially covered in thin metallic scales (AC +2). [Xom's grace]
 17125 | Temple   | Gained mutation: Your flesh is very heat resistant. [Xom's grace]
 17141 | Temple   | XOM: god gift: 19 gold pieces
 18210 | Temple   | XOM: 4-stop teleportation journey
 18276 | Temple   | XOM: 2-stop teleportation journey
 18719 | Temple   | XOM: 6-stop teleportation journey
 18967 | Temple   | XOM: give mutations
 18967 | Temple   | Gained mutation: Your natural rate of healing is unusually fast. [Xom's grace]
 18967 | Temple   | Gained mutation: Your muscles are strong. (Str +2) [Xom's grace]
 18967 | Temple   | Gained mutation: You evolve. [Xom's grace]
 19278 | Temple   | XOM: give mutation
 19278 | Temple   | Gained mutation: You are agile. (Dex +2) [Xom's grace]
 19409 | Temple   | XOM: 3-stop teleportation journey
 19743 | Temple   | XOM: cast spell 'Statue Form'
 19759 | Temple   | XOM: god gift: scroll of random uselessness
 19974 | Temple   | XOM is BORED!
 19974 | Temple   | XOM: medium Chrm miscast
 20079 | Temple   | XOM: 9-stop teleportation journey
 20082 | Temple   | XOM: mild Tloc miscast
 20255 | Temple   | XOM: silly message
 20414 | Temple   | Gained mutation: You are frail (-10% HP). [evolution]
 22396 | Temple   | XOM: god gift: beef jerky
 22581 | Temple   | XOM: god gift: 53 gold pieces
 22963 | Temple   | XOM: give mutations
 22963 | Temple   | Gained mutation: Your mind is acute. (Int +2) [Xom's grace]
 22963 | Temple   | Gained mutation: You have extremely sharp teeth. [Xom's grace]
 22963 | Temple   | Gained mutation: You possess an exceptional clarity of mind. [Xom's grace]
 22963 | Temple   | Gained mutation: You have an increased reservoir of magic (+10% MP). [Xom's grace]
 22981 | Temple   | XOM: divination: detect creatures
 23064 | Temple   | XOM: harmless Tloc miscast
 23133 | Temple   | XOM is BORED!
 23133 | Temple   | XOM: medium Tloc miscast
 23173 | Temple   | XOM: god gift: wooden ring {god gift}
 23807 | Temple   | XOM: cast spell 'Ice Form'
 24384 | Temple   | XOM: god gift: 9 gold pieces
 24799 | Temple   | XOM: god gift: glowing ring mail {god gift}
 25401 | Temple   | XOM: god gift: 20 gold pieces
 25422 | Temple   | XOM: give mutations
 25422 | Temple   | Lost mutation: You evolve. [Xom's mischief]
 25422 | Temple   | Lost mutation: Your mind is acute. (Int +2) [Xom's mischief]
 25422 | Temple   | Lost mutation: You are agile. (Dex +2) [Xom's mischief]
 25642 | Temple   | XOM is BORED!
 25642 | Temple   | XOM: give mutations
 25642 | Temple   | Lost mutation: You are frail (-10% HP). [Xom's mischief]
 25642 | Temple   | Lost mutation: You possess an exceptional clarity of mind. [Xom's mischief]
 26000 | Temple   | XOM: harmless Conj miscast
 26552 | Temple   | XOM is BORED!
 26552 | Temple   | XOM: mild Necr miscast
 26985 | Temple   | XOM: god gift: 18 stones
 27084 | Temple   | XOM: harmless Trmt miscast
 27282 | Temple   | XOM: 6-stop teleportation journey
 27431 | Temple   | XOM: god gift: wooden wand {god gift}
 27434 | Temple   | XOM: mild Ice miscast
 28691 | Temple   | XOM: harmless Fire miscast
 29026 | Temple   | XOM: medium Hex miscast
 29202 | Temple   | XOM: torment (34/66 hp)
 29294 | Temple   | XOM: noise
 29573 | Temple   | XOM is BORED!
 29573 | Temple   | XOM: mild Fire miscast
 29977 | Temple   | XOM: 6-stop teleportation journey
 30189 | Temple   | XOM: 2-stop teleportation journey
 30732 | Temple   | XOM: 8-stop teleportation journey
 31061 | Temple   | XOM: mild Divn miscast
 31944 | Temple   | XOM: 3-stop teleportation journey
 31984 | Temple   | XOM is BORED!
 31984 | Temple   | XOM: medium Hex miscast
 32088 | Temple   | XOM: god gift: short jewelled staff {god gift}
 32146 | Temple   | XOM: god gift: runed glaive {god gift}
 32831 | Temple   | XOM: god gift: long glowing rod {god gift}
 32834 | Temple   | Identified a +4 rod of inaccuracy (13/13) (Xom gifted it to you in the Ecumenical Temple)
 32867 | Temple   | XOM: god gift: glowing hat {god gift}
 33240 | Temple   | XOM is BORED!
 33240 | Temple   | XOM: give mutations
 33240 | Temple   | Lost mutation: You are partially covered in icy blue scales (AC +1). [Xom's mischief]
 33240 | Temple   | Lost mutation: Your muscles are strong. (Str +2) [Xom's mischief]
 33240 | Temple   | Lost mutation: Your flesh is very heat resistant. [Xom's mischief]
 33240 | Temple   | Lost mutation: Your flesh is heat resistant. [Xom's mischief]
 34386 | Temple   | XOM: god gift: 1270 gold pieces
 35282 | Temple   | XOM: 1-stop teleportation journey
 35416 | Temple   | XOM: 1-stop teleportation journey
 35417 | Temple   | XOM: give mutations
 35417 | Temple   | Gained mutation: You passively map a small area around you. [Xom's grace]
 35417 | Temple   | Gained mutation: You are partially covered in molten scales (AC +1). [Xom's grace]
 35417 | Temple   | Gained mutation: You heal very quickly. [Xom's grace]
 35482 | Temple   | XOM: vitrification
 35564 | Temple   | XOM: god gift: dented ivory amulet {god gift}
 35820 | Temple   | XOM: divination: detect creatures
 36011 | Temple   | XOM is BORED!
 36011 | Temple   | XOM: mild Chrm miscast
 36031 | Temple   | Fell from the grace of Xom
 36031 | Temple   | Became a worshipper of Gozag Ym Sagoz the Greedy
 36071 | Temple   | Bought a potion of mutation for 30 gold pieces
 36071 | Temple   | Lost mutation: Your system is resistant to poisons. [potion of mutation]
 36337 | Lair:1   | Entered Level 1 of the Lair of Beasts
 36379 | D:8      | HP: 3/66 [poisoned by a spiny frog]
 36384 | D:8      | HP: 2/66 [poisoned by a spiny frog]
 36389 | D:8      | HP: 2/66 [poisoned by a spiny frog]
 36493 | Temple   | Bought a potion of curing for 36 gold pieces
 36493 | Temple   | Bought a potion of curing for 36 gold pieces
 36493 | Temple   | Bought a potion of curing for 36 gold pieces
 36586 | Lair:1   | Reached skill level 1 in Slings
 36670 | Lair:1   | Noticed an eight-headed hydra
 36724 | Lair:1   | Reached skill level 15 in Stealth
 36753 | Lair:1   | XOM: stat loss: -1 Dex (14/15)
 36802 | Lair:1   | XOM: draining
 36986 | Lair:1   | XOM: draining
 37210 | Lair:1   | XOM: give mutations
 37210 | Lair:1   | Lost mutation: You heal very quickly. [Xom's mischief]
 37210 | Lair:1   | Lost mutation: You are partially covered in molten scales (AC +1). [Xom's mischief]
 37388 | Lair:1   | Killed an eight-headed hydra
 37607 | Lair:2   | XOM: mild Divn miscast
 37879 | Lair:2   | Reached skill level 16 in Stealth
 38253 | Lair:3   | Reached XP level 12. HP: 60/71 MP: 13/13
 38314 | Lair:3   | XOM: noise
 38567 | Lair:3   | Noticed Fannar
 38821 | Lair:3   | Noticed Rupert
 38930 | Lair:3   | Reached skill level 17 in Stealth
 39205 | Lair:3   | Reached XP level 13. HP: 76/76 MP: 14/14
 39222 | Lair:3   | XOM: medium Fire miscast
 39329 | Lair:3   | Killed Rupert
 39469 | Lair:4   | Found a labyrinth entrance.
 39469 | Lair:4   | Found a runed door.
 39513 | Lab      | Entered a labyrinth
 39855 | Lab      | XOM: 1-stop teleportation journey
 39927 | Lab      | Noticed a minotaur
 39930 | Lab      | Killed a minotaur
 39930 | Lab      | Reached skill level 5 in Slings
 39936 | Lab      | Got a twisted great sword
 39937 | Lab      | Identified the cursed +0 great sword of Honour {elec, rPois Int+4} (You found it in a labyrinth)
 40053 | Lair:2   | XOM: medium Conj miscast
 40186 | Lair:4   | Reached skill level 1 in Evocations
 40275 | Lair:4   | XOM: mild Pois miscast
 40562 | Lair:4   | Got a faintly glowing hand crossbow
 40564 | Lair:4   | Identified the +8 hand crossbow of Impermanence {freeze, rF+ Int+3} (You found it on level 4 of the Lair of Beasts)
 40614 | Lair:4   | XOM: medium Tloc miscast
 40615 | Lair:4   | Cast into level 2 of the Abyss (the capriciousness of Xom)
 40615 | Abyss:2  | Found a corrupted altar of Lugonu.
 40617 | Abyss:2  | Noticed a starcursed mass
 40680 | Abyss:2  | Killed a starcursed mass
 40687 | Abyss:2  | XOM: polymorph apocalypse crab -> demonic crawler
 40831 | Abyss:2  | Noticed a revenant
 40849 | Abyss:2  | Found a corrupted altar of Lugonu.
 40953 | Abyss:2  | Reached XP level 14. HP: 26/84 MP: 12/18
 41259 | Abyss:2  | Noticed a purple draconian scorcher
 41269 | Abyss:2  | Killed a purple draconian scorcher
 41282 | Abyss:2  | Noticed a starcursed mass
 41301 | Abyss:2  | Noticed a tentacled starspawn
 41306 | Abyss:2  | Found a corrupted altar of Lugonu.
 41372 | Abyss:2  | Killed a tentacled starspawn
 41372 | Abyss:2  | Reached skill level 18 in Stealth
 41453 | Abyss:2  | XOM: noise
 41678 | Abyss:2  | Noticed a tentacled starspawn
 41826 | Abyss:2  | Noticed a starcursed mass
 41845 | Abyss:2  | Noticed a quicksilver dragon
 41866 | Abyss:2  | Noticed a balrug
 41867 | Abyss:2  | Noticed a tentacled starspawn
 41867 | Abyss:2  | Noticed a starcursed mass
 41898 | Abyss:2  | Noticed a starcursed mass
 41904 | Abyss:2  | Noticed a lorocyproca
 41982 | Abyss:2  | Killed a lorocyproca
 41982 | Abyss:2  | Reached skill level 5 in Evocations
 41987 | Lair:4   | Escaped the Abyss
 42202 | Lair:5   | XOM: 3-stop teleportation journey
 42436 | Lair:6   | XOM: 1-stop teleportation journey
 42491 | Lair:6   | Reached skill level 5 in Fighting
 42637 | Lair:6   | Found a radiant altar of Vehumet.
 42683 | Lair:6   | XOM: medium Hex miscast
 42699 | Lair:6   | Found a staircase to the Snake Pit.
 42773 | Lair:6   | Found a staircase to the Swamp.
 42811 | Lair:6   | XOM: severe Pois miscast
 43355 | Lair:6   | Gained mutation: Your spells are a little harder to cast, but a little more powerful. [potion of mutation]
 43954 | Lair:7   | Noticed Nessos
 43960 | Lair:7   | Killed Nessos
 44187 | Lair:7   | Found a runed door.
 44187 | Lair:7   | Found a viscous altar of Jiyva.
 44282 | Lair:7   | Found a staircase to the Slime Pits.
 44448 | Lair:8   | Entered Level 8 of the Lair of Beasts
 44509 | Lair:8   | Learned a level 3 spell: Spectral Weapon
 44512 | Lair:8   | Learned a level 2 spell: Shroud of Golubria
 44515 | Lair:8   | Learned a level 2 spell: Song of Slaying
 44599 | Lair:8   | Reached skill level 1 in Hexes
 44647 | Lair:8   | XOM: summons 2 hostile demons
 44665 | Lair:8   | Reached skill level 1 in Charms
 44675 | Lair:8   | XOM: medium Trmt miscast
 44703 | Lair:8   | Reached XP level 15. HP: 61/92 MP: 16/22
 45158 | Lair:8   | Found a runed door.
 45580 | Lair:8   | XOM: stat loss: -1 Dex (16/17)
 45622 | Lair:8   | Reached skill level 1 in Spellcasting
 45832 | Lair:8   | Reached skill level 19 in Stealth
 46339 | Orc:1    | Entered Level 1 of the Orcish Mines
 46431 | Orc:2    | Entered Level 2 of the Orcish Mines
 46450 | Orc:2    | Noticed Maud
 46477 | Orc:2    | Killed Maud
 46539 | Orc:2    | Noticed Sonja
 46546 | Orc:2    | Killed Sonja
 46571 | Orc:2    | Found a staircase to the Elven Halls.
 46647 | Orc:2    | Found Fos Icke's General Store.
 46749 | Orc:2    | Found Ipoorah's Food Shoppe.
 46749 | Orc:2    | Noticed Azrael
 46796 | Orc:2    | Killed Azrael
 46893 | Orc:1    | XOM: polymorph orc warrior -> wyvern
 46943 | Orc:2    | Paralysed by an orc sorcerer for 3 turns
 47045 | Orc:2    | Bought a potion of mutation for 27 gold pieces
 47045 | Orc:2    | Gained mutation: You are dopey. (Int -2) [potion of mutation]
 47069 | Orc:2    | Found Gixof's Antique Weapon Shoppe.
 47182 | Orc:2    | Found Piere's Jewellery Shop.
 47199 | Orc:2    | XOM: divine lightning
 47392 | Orc:2    | Noticed an orc warlord
 47393 | Orc:2    | Found Rutocosa's Antique Armour Boutique.
 47451 | Orc:2    | Killed an orc warlord
 47451 | Orc:2    | Reached skill level 5 in Charms
 47565 | Orc:2    | XOM: mild Conj miscast
 47565 | Orc:2    | Was forgiven by Xom
 47919 | Orc:2    | Reached skill level 15 in Dodging
 47924 | Orc:2    | Reached skill level 5 in Hexes
 48210 | Orc:1    | Found Cug Yhoa's Gadget Emporium.
 48608 | Orc:2    | Bought a potion of mutation for 30 gold pieces
 48608 | Orc:2    | Bought a potion of heal wounds for 60 gold pieces
 48608 | Orc:2    | Lost mutation: You have an increased reservoir of magic (+10% MP). [potion of mutation]
 48617 | Orc:2    | Bought a potion of agility for 48 gold pieces
 48924 | D:10     | Found Lazesi's Food Shoppe.
 49089 | D:10     | Killed Snorg
 49295 | D:11     | Got a crystal trident
 49296 | D:11     | Identified the cursed +2 trident "Sajiable" {freeze, rF+ MR+} (You found it on level 11 of the Dungeon)
 49418 | D:11     | Reached XP level 16. HP: 87/98 MP: 18/22
 49909 | D:11     | Found Gomp's Armour Emporium.
 50399 | D:12     | Learned a level 3 spell: Mephitic Cloud
 50946 | D:13     | Found Judofa's Gadget Shoppe.
 51147 | D:13     | Found a sacrificial altar of Ru.
 51334 | D:13     | Found a gate to the Vaults.
 51579 | D:13     | You fall through a shaft for 2 floors!
 51579 | D:15     | Entered Level 15 of the Dungeon
 51637 | D:15     | Found a white marble altar of Elyvilon.
 52012 | D:15     | Reached skill level 5 in Spellcasting
 52311 | D:15     | Found a staircase to the Depths.
 52524 | D:14     | Found Vedigiff's Antique Armour Shoppe.
 52722 | D:14     | Noticed Uhlv's ghost (journeyman GrFi)
 52771 | D:14     | Killed Uhlv's ghost
 53134 | D:14     | Noticed Urug
 53141 | D:14     | Killed Urug
 53834 | Temple   | Bought the ring "Laydipsise" {rPois rF+ Int+3} for 564 gold pieces
 53999 | Lair:3   | Killed Fannar
 54214 | Lair:5   | Learned a level 3 spell: Confuse
 54218 | Lair:5   | Learned a level 3 spell: Gell's Gravitas
 54261 | Lair:5   | Noticed Kirke
 54270 | Lair:5   | Killed Kirke
 54444 | Lair:5   | Gained mutation: You tend to lose your temper in combat. [potion of mutation]
 54444 | Lair:5   | Lost mutation: Potions and wands are less effective at restoring your health. [potion of mutation]
 54445 | Lair:5   | Lost mutation: You are partially covered in iridescent scales (AC +4). [potion of mutation]
 54445 | Lair:5   | Lost mutation: You are dopey. (Int -2) [potion of mutation]
 54445 | Lair:5   | Gained mutation: You are frail (-10% HP). [potion of mutation]
 54618 | Swamp:1  | Entered Level 1 of the Swamp
 54618 | Swamp:1  | Noticed Roxanne
 54618 | Swamp:1  | Noticed Aizul
 54669 | Swamp:1  | Killed Aizul
 54669 | Swamp:1  | Reached XP level 17. HP: 60/95 MP: 6/26
 54955 | Swamp:1  | Killed Roxanne
 55292 | Swamp:1  | Noticed Louise
 55299 | Swamp:1  | Killed Louise
 56183 | Swamp:2  | Noticed Donald
 56190 | Swamp:2  | Killed Donald
 56855 | Swamp:3  | Found a frozen archway.
 56936 | IceCv    | Entered an ice cave
 57349 | IceCv    | Noticed an Ice Fiend
 57362 | IceCv    | Killed an Ice Fiend
 57514 | IceCv    | Got a sapphire spear
 57515 | IceCv    | Identified the +8 spear of the Blessed Realm {drain, +Rage} (You found it in an ice cave)
 58160 | Lair:2   | Learned a level 6 spell: Haste
 58165 | Lair:2   | Learned a level 4 spell: Fulminant Prism
 58522 | D:9      | Reached skill level 1 in Shields
 58700 | Snake:1  | Entered Level 1 of the Snake Pit
 58737 | Snake:1  | Reached skill level 1 in Conjurations
 58783 | Snake:1  | Found Ewuret's Food Shoppe.
 60119 | Snake:2  | Reached XP level 18. HP: 50/104 MP: 4/27
 60128 | Snake:2  | Reached skill level 5 in Shields
 60640 | Snake:2  | Killed from afar by a greater naga

Vault maps used:
D:1:      dpeg_arrival_round_b, grunt_decor_fettered
D:2:      bloody_trog, kennysheep_generic_room_7, uniq_jessica
D:3:      nicolae_overflow_crystal_walls, lemuel_zombie_altar_yredelemnul,
          xom_redecorated, first_bread
D:4:      lemuel_coloured_pillars_altar, uniq_grinder
D:5:      minitemple, amalloy_card_club
D:6:      minmay_temple_entry_fiery, lightli_ossuary_entry_decrepit_ruins,
          uniq_eustachio, uniq_crazy_yiuf_cottage
D:7:      enter_bailey_2
D:8:      marbit_many_paths, david_lair_generic
D:9:      david_orc_5
D:10:     serial_shops, shop, uniq_snorg
D:11:     serial_shops, nicolae_shop_behind_doors
D:12:     the_bakery, kennysheep_cross_room, minmay_statue_bubble
D:13:     david_vaults_2, serial_shops, shop, basic_altar
D:14:     serial_shops, nicolae_shop_crystal, small_statue_intersection,
          uniq_urug
D:15:     grunt_enter_depths_snipers, lemuel_round_altar
Temple:   oiseaux_autumnal_temple_12
Lair:1:   grunt_megastairs_3
Lair:2:   grunt_forest_large_clearings, lemuel_fruit_tree
Lair:3:   lemuel_old_faithful, uniq_rupert, uniq_fannar
Lair:4:   lab_entry_generic, pf_torpor_hydra
Lair:5:   grunt_forest_large_clearing_hut, uniq_kirke
Lair:6:   minmay_swamp_entry_worms, guppyfry_snake_entry_island, basic_altar
Lair:7:   slime_altar_2, minmay_lair_drake_nest, grunt_megastairs_1, uniq_nessos
Lair:8:   hangedman_lair_tendril_chambers, wormcave, infiniplex_staircase_pool_2
Swamp:1:  evilmike_swamp_ruin_house_2, uniq_louise, uniq_roxanne, uniq_aizul
Swamp:2:  nicolae_swamp_fairy_circle, uniq_donald
Swamp:3:  portal_ice_cave_entry_pillars_01, evilmike_swamp_ruin_house_4
Snake:1:  serial_shops, nicolae_shop_scaring_up_business
Snake:2:  grunt_ministairs_15, serial_bayou_pond_d, basic_stair_grate_trap,
          grunt_megastairs_2
Orc:1:    serial_shops, shop
Orc:2:    grunt_orc_gardens, grunt_orc_garden, grunt_orc_garden,
          grunt_orc_garden, grunt_orc_garden, serial_shops, shop, uniq_sonja,
          uniq_maud, uniq_azrael
Abyss:2:  evilmike_abyss_exit_12
Lab:      nicolae_lab_garden
Bailey:   bailey_axe_4, bailey
IceCv:    ice_cave_tombish

Skill      XL: |  1  2  3  4  5  6  7  8  9 10 11 12 13 14 15 16 17 18 |
---------------+-------------------------------------------------------+-----
Polearms       | 4 5 6 7 8 |  8.2
Stealth        | 4 8 11 14 16 17 18 19 | 19.2
Short Blades   | 2 3 5 7 8 |  8.2
Dodging        | 3 4 6 7 8 12 13 14 15 16 | 16.7
Slings         | 3 4 5 7 |  7.1
Evocations     | 3 7 9 |  9.4
Fighting       | 5 6 8 |  8.1
Hexes          | 1 5 7 |  7.5
Charms         | 1 5 7 9 |  9.2
Spellcasting   | 4 6 |  6.4
Shields        | 4 5 |  5.5
Conjurations   | 3 |  3.7

Action                   |  1- 3 |  4- 6 |  7- 9 | 10-12 | 13-15 | 16-18 || total
-------------------------+-------+-------+-------+-------+-------+-------++-------
Melee: Spear             |    63 |   136 |    41 |       |       |       ||   240
       Unarmed           |       |     9 |       |    12 |       |       ||    21
       Quick blade       |       |       |   257 |   794 |  1497 |  1674 ||  4222
       Eveningstar       |       |       |       |       |       |     9 ||     9
Throw: Tomahawk          |       |       |    19 |       |     1 |       ||    20
 Cast: Spectral Weapon   |       |       |       |       |       |     5 ||     5
       Shroud of Golubri |       |       |       |       |       |     2 ||     2
Invok: Call Merchant     |       |       |       |     3 |     3 |     2 ||     8
       Potion Petition   |       |       |       |       |     1 |       ||     1
Evoke: Wand              |       |       |    14 |     5 |    14 |     1 ||    34
       Rod               |       |       |       |     4 |    12 |     7 ||    23
       Lamp of fire      |       |       |       |       |     2 |     2 ||     4
       Stone of tremors  |       |       |       |       |       |     1 ||     1
  Use: Potion            |     3 |       |     9 |     6 |    20 |    13 ||    51
       Scroll            |       |     1 |    12 |    11 |    15 |    19 ||    58
 Stab: Sleeping          |     6 |    14 |    14 |    42 |    95 |    70 ||   241
       Petrifying        |     2 |     2 |       |       |       |       ||     4
       Confused          |       |     1 |     2 |     1 |       |       ||     4
       Distracted        |       |     1 |     1 |     9 |    17 |    17 ||    45
       Paralysed         |       |     1 |       |       |       |       ||     1
       Invisible         |       |       |       |       |       |     2 ||     2
  Eat: Chunk             |       |     7 |    21 |    22 |       |       ||    50
       Meat ration       |       |       |       |     7 |     4 |     2 ||    13
       Bread ration      |       |       |       |     5 |     2 |     4 ||    11
       Beef jerky        |       |       |       |     3 |     3 |     4 ||    10
       Royal jelly       |       |       |       |     3 |       |       ||     3
       Pizza             |       |       |       |     2 |     1 |     3 ||     6
       Fruit             |       |       |       |     1 |     1 |       ||     2
